AoeStats
← PALITOMAN

Arena

508969181Analyzed
3v3 RM · 8d ago on Sep 24, 2026· 27m 18s· 6 players
Game mode
Random Map
Map size
Normal (6 player)
Population
200
Speed
Normal
Resources
Standard
Victory
Conquest
Starting age
Dark Age
Ending age
Imperial Age
RankedLock teamsTeams togetherTeam positionsShared explorationLock speedFull tech treeHidden civsTurbo modeCheats
Victory
Defeat
🇦🇷 Burgundians · Argentina
1157
+14
🇪🇸 Danes · Spain
1120
+15
🇧🇷 Franks · Brazil
1089
+17
🇨🇴 Lithuanians · Colombia
1126
-16
🇫🇮 Varangians · Finland
1090
-15
🇫🇮 Malay · Finland
1089
-15
PALITOMAN
4:09 Loom
11:36 Feudal Age
13:14 Double-Bit Axe
15:46 Castle Age
19:26 Redemption
30:07 Imperial Age
ELTRAVERO
3:47 Double-Bit Axe
11:00 Feudal Age
12:09 Bow Saw
15:09 Scale Mail Armor
16:17 Wheelbarrow
16:20 Town Watch
18:01 Forging
18:06 Gold Mining
18:34 Arson
20:52 Gold Shaft Mining
24:01 Castle Age
23:51 Hand Cart
23:35 Horse Collar
24:58 Chain Mail Armor
25:19 Iron Casting
24:47 Squires
Arqueiro Vermelho
0:28 Loom
12:43 Feudal Age
14:09 Wheelbarrow
16:54 Castle Age
16:09 Double-Bit Axe
19:13 Husbandry
20:11 Forging
27:01 Scale Barding Armor
micoelchico
10:05 Feudal Age
14:18 Castle Age
12:17 Double-Bit Axe
13:32 Gold Mining
13:43 Horse Collar
17:33 Bow Saw
18:51 Scale Barding Armor
19:38 Forging
19:34 Heavy Plow
19:59 Fervor
20:10 Sanctity
21:59 Chain Barding Armor
25:43 Loom
26:40 Iron Casting
Wickerman313
10:03 Feudal Age
9:42 Double-Bit Axe
16:30 Castle Age
16:48 Horse Collar
17:47 Loom
TFS|Nappa
10:45 Feudal Age
11:31 Double-Bit Axe
14:25 Castle Age
12:45 Double-Bit Axe
13:51 Horse Collar
16:06 Bow Saw
21:01 Arson
Connection lost

Rejoining the realm…

Still unreachable

The connection could not be restored.

Session expired

The server has moved on; the page needs a fresh start.